 Dungeon Crawl Stone Soup version 0.24.1-14-gf8d2b509d9 (webtiles) character file.

Game seed: 53090567021425439, levelgen mode: deterministic

158 tkbsonic5 the Poker (level 5, -8/42 HPs)
             Began as a Merfolk Abyssal Knight on May 13, 2023.
             Was a Believer of Lugonu.
             Mangled by Sigmund
             ... wielding a +0 scythe
              (10 damage)
             ... on level 2 of the Dungeon.
             The game lasted 00:21:20 (2175 turns).

tkbsonic5 the Poker (Merfolk Abyssal Knight)        Turns: 2175, Time: 00:21:20

Health: -8/42      AC:  6    Str: 13    XL:     5   Next: 39%
Magic:  4/7        EV: 10    Int: 11    God:    Lugonu [**....]
Gold:   115        SH:  0    Dex: 14    Spells: 4/4 levels left

rFire    + . .     SeeInvis .   u - +1 spear {Daughter Of SingSword Merfolk Angel of Gold}
rCold    . . .     Gourm    .   (no shield)
rNeg     . . .     Faith    .   c - +0 scale mail {sexy outfit (restricting?)}
rPois    .         Spirit   .   (no helmet)
rElec    .         Reflect  .   (no cloak)
rCorr    .         Harm     .   (no gloves)
MR       .....                  (no boots)
Stlth    ..........             (no amulet)
HPRegen  0.14/turn              e - ring of protection from fire {pay my way in (flame)}
MPRegen  0.10/turn              d - ring of wizardry

@: confused
A: change form in water, swift swim, stealthy swim
a: Depart the Abyss, Bend Space, Renounce Religion


You were on level 2 of the Dungeon.
You worshipped Lugonu.
Lugonu was pleased with you.
You were not hungry.

You visited 1 branch of the dungeon, and saw 3 of its levels.
You visited the Abyss 1 time.

You collected 115 gold pieces.

Inventory:

Hand Weapons
 g - a +1 mace of venom
 k - a +0 hunting sling {Br*ish Pistol}
 u - a +1 spear (weapon) {Daughter Of SingSword Merfolk Angel of Gold}
Missiles
 l - 58 arrows
 m - 39 sling bullets
Armour
 a - a +1 leather armour of magic resistance
 b - a +0 leather armour {st vincent's fashion sense}
 c - a +0 scale mail (worn) {sexy outfit (restricting?)}
Jewellery
 d - a ring of wizardry (right hand)
 e - a ring of protection from fire (left hand) {pay my way in (flame)}
Comestibles
 i - 2 rations


   Skills:
 + Level 4.0 Fighting
 * Level 4.7 Polearms
 * Level 1.4 Slings
 - Level 0.6 Armour
 * Level 3.8 Dodging
 - Level 1.0 Stealth
 - Level 2.8 Invocations


You had 4 spell levels left.
You didn't know any spells.
Your spell library was empty.

Dungeon Overview and Level Annotations

Branches:
Dungeon (3/15)

Altars:
Dithmenos
Gozag

Annotations:
D:2 1 runed translucent door, Crazy Yiuf, Sigmund, Terence


Message History

You're too confused!
Unknown command.
You're too confused!
You're too confused to move!
You're too confused to move!
The ogre closely misses you.
You feel less confused.
You hit the ogre.
The ogre is severely wounded.
The ogre barely misses you. Something hits you. Space bends around you!
You blink.
The ogre hits you with a +0 giant club!
* * * LOW HITPOINT WARNING * * *
Space bends around you!
You blink.
Something hits you.
* * * LOW HITPOINT WARNING * * *
Space bends around you!
You blink.
You hear some strange, mumbled words.
You are confused.
You see here a frilled lizard corpse.
You bump into the rock wall.
You bump into the rock wall.
The ogre closely misses you. Something hits you!
You die...

......###......#.# .###
..........#.##...# ######...#
.....(#####.##.######.l....#..#
...########.##.# #.O..O.......#
...# #.......# #.####.####..
...# #.......###.##.....## ..##
#.....<..##.#.......# ###
#...........#.......#.# ..###
#.......O@.w...._.....# ....#
#..(....##..#.......#.#
..#.####.......##..#.......#.#
.##......##.#####..##.....## #
.##..###.##.# #..####.####.#
..>......##.### #.$..........#
###..######...# #..........#
.....# ####.###.##########
###.######........#


You could see an ogre and a worm.

Vanquished Creatures
  A hound (D:2)
  An orc wizard (D:3)
  2 adders
  An ooze (D:1)
  2 worms (D:2)
  A dart slug (D:2)
  3 leopard geckos
  5 orcs
  4 giant cockroaches
  8 goblins
  3 hobgoblins
  4 jackals (D:3)
  7 kobolds
  A quokka (D:2)
  4 bats
  6 frilled lizards
  6 rats
59 creatures vanquished.

Notes
Turn   | Place    | Note
-------+----------+-------------------------------------------
     0 | Abyss:1  | tkbsonic5 the Merfolk Abyssal Knight began the quest for
                  | the Orb.
     0 | Abyss:1  | Reached XP level 1. HP: 18/18 MP: 2/2
    95 | Abyss:1  | Noticed a green draconian
    96 | D:1      | Escaped the Abyss
   150 | D:1      | Reached * piety under Lugonu
   208 | D:1      | Reached XP level 2. HP: 24/24 MP: 3/3
   483 | D:1      | Reached XP level 3. HP: 28/29 MP: 4/4
   852 | D:2      | Noticed Terence
   984 | D:2      | Reached XP level 4. HP: 19/37 MP: 6/6
  1241 | D:2      | Reached skill level 1 in Stealth
  1300 | D:2      | Reached ** piety under Lugonu
  1315 | D:2      | Found a runed translucent door.
  1316 | D:2      | Noticed Crazy Yiuf
  1383 | D:2      | Found an opulent altar of Gozag.
  1384 | D:2      | Noticed an ogre
  1526 | D:2      | Reached skill level 1 in Slings
  1606 | D:2      | Noticed Sigmund
  1747 | D:3      | Found a shadowy altar of Dithmenos.
  1771 | D:3      | Reached XP level 5. HP: 39/42 MP: 7/7
  2175 | D:2      | Mangled by Sigmund

Levels and vault maps discovered:
D:1:      lightli_arrival_flooded_house, layout_basic
D:2:      layout_loops_ring, old_standard_altar,
          chequers_ecumenical_altar_grove, wad_orctagon, uniq_terence,
          uniq_crazy_yiuf_cottage, uniq_sigmund
D:3:      layout_basic, serial_glass, glass_columns_a, glass_columns_b,
          grunt_dithmenos_smoke

Skill      XL: |  1  2  3  4  5 |
---------------+----------------+-----
Dodging        | 3 |  3.8
Polearms       | 4 |  4.7
Stealth        | 1 |  1.0
Slings         | 1 |  1.4
Fighting       | 4 |  4.0
Armour         | |  0.6
Invocations    | |  2.8

Action                   |  1- 3 |  4- 6 || total
-------------------------+-------+-------++-------
Melee: Spear             |   129 |    69 ||   198
       Mace              |       |     2 ||     2
 Fire: Hunting sling     |    29 |    11 ||    40
Invok: Depart the Abyss  |     1 |       ||     1
       Bend Space        |       |    10 ||    10
  Use: Scroll            |     3 |     1 ||     4
       Potion            |     2 |     2 ||     4
  Eat: Ration            |     1 |     1 ||     2
Armor: Scale mail        |    49 |    10 ||    59
Dodge: Dodged            |    74 |    20 ||    94
